 Dungeon Crawl Stone Soup version 0.29.0-4-gdea44cf6ec (webtiles) character file.

Game seed: 10237060083824134429

30858 qw the Cleaver (level 13, -3/82 HPs)
             Began as a Gargoyle Fighter on Sept 9, 2022.
             Was an Elder of Okawaru.
             Killed from afar by an oklob plant (16 damage)
             ... with a splash of acid
             ... on level 4 of the Lair of Beasts.
             The game lasted 00:05:30 (17120 turns).

qw the Cleaver (Gargoyle Fighter)                  Turns: 17120, Time: 00:05:31

Health: -3/82      AC: 19    Str: 25    XL:     13   Next: 54%
Magic:  20/20      EV: 11    Int:  9    God:    Okawaru [****..]
Gold:   1127       SH: 10    Dex: 15    Spells: 12/12 levels left

rFire   . . .      SeeInvis +   Y - +4 broad axe (elec)
rCold   + . .      Faith    .   a - +3 buckler of Beogh's Regard {rPois rC+ rCorr}
rNeg    + . .      Spirit   .   i - +0 plate armour
rPois   inf        Reflect  .   (no helmet)
rElec   +          Harm     .   (no cloak)
rCorr   +          Rampage  .   g - +0 pair of gloves {hurl}
Will    .....                   (no boots)
Stlth   ..........              u - amulet of regeneration
HPRegen 1.03/turn               m - +6 ring of dexterity
MPRegen 0.17/turn               r - ring of see invisible

@: about to teleport, heroic, corroded
A: sickness immunity, AC +9, negative energy resistance 1, electricity
resistance, torment resistance 1, petrification resistance
a: Renounce Religion, Heroism, Finesse


You were on level 4 of the Lair of Beasts.
You worshipped Okawaru.
Okawaru was greatly pleased with you.
You visited 3 branches of the dungeon, and saw 16 of its levels.

You collected 1127 gold pieces.


Innate Abilities, Weirdness & Mutations

You are immune to sickness and miasma.
Your stone body is resilient. (AC +9)
You are immune to poison.
You resist negative energy. (rN+)
You are resistant to electric shocks. (rElec)
You are resistant to unholy torment.
You are immune to petrification.


   Skills:
 + Level 10.2(15.2) Fighting
 - Level 14.0(19.0) Axes
 - Level 5.2(10.2) Throwing
 - Level 9.0(14.0) Armour
 - Level 3.0(8.0) Dodging
 - Level 6.7(11.7) Shields
 - Level 10.0 Invocations


You had 12 spell levels left.
You didn't know any spells.
Your spell library was empty.

Inventory:

Hand Weapons
 h - a +0 flail
 Y - a +4 broad axe of electrocution (weapon)
Missiles
 q - 8 boomerangs (quivered)
Armour
 a - the +3 buckler of Beogh's Regard (worn) {rPois rC+ rCorr}
   (You acquired it on level 4 of the Dungeon)

   rC:        It protects you from cold.
   rPois:     It protects you from poison.
   rCorr:     It protects you from acid and corrosion.
 g - a +0 pair of gloves of hurling (worn)
 i - a +0 plate armour (worn)
 p - a +0 chain mail of fire resistance
Jewellery
 m - a +6 ring of dexterity (left hand)
 r - a ring of see invisible (right hand)
 u - an amulet of regeneration (around neck)
Wands
 c - a wand of digging (10)
Scrolls
 k - 5 scrolls of teleportation
 o - 2 scrolls of fog
 s - 6 scrolls of identify
Potions
 d - 5 potions of might
 e - 4 potions of haste
 f - 5 potions of curing
 j - 3 potions of heal wounds
 l - 3 potions of cancellation
 n - a potion of lignification
 t - 5 potions of attraction

Dungeon Overview and Level Annotations

Branches:
Dungeon (11/15)            Temple (1/1) D:7            Lair (4/5) D:11
  Swamp (0/4) Lair:3        Snake (0/4) Lair:2        Slime (0/5) Lair:4
    Orc (0/2) D:9

Altars:
Ashenzari
Dithmenos
Elyvilon
Fedhas
Gozag
Kikubaaqudgha
Makhleb
Okawaru
Qazlal
Ru
Sif Muna
Trog
Uskayaw
Vehumet
Wu Jian
Xom
Yredelemnul
Zin
The Shining One

Shops:
D:10 (

Portals:
Trove: D:11 (give 6 scrolls of fog)

Annotations:
D:6 1 runed translucent door, Crazy Yiuf
D:7 2 transporters, qw's ghost, novice DsCA


Message History

Lightning courses through the polar bear!
The polar bear is severely wounded.
You block the polar bear's attack. The polar bear claws you.
The polar bear claws you but does no damage.
The oklob plant spits acid at you. The splash of acid hits you! You resist.
You closely miss the polar bear.
The polar bear is severely wounded.
The oklob plant spits acid at you. The splash of acid hits you! You resist.
You block the polar bear's attack. x3
You barely miss the polar bear.
The polar bear is severely wounded.
You hit the polar bear but do no damage.
The polar bear is severely wounded.
The oklob plant spits acid at you. The splash of acid hits you. You resist.
The acid corrodes you! The polar bear bites you.
You block the polar bear's attack. The polar bear completely misses you.
You slash the polar bear!
You kill the polar bear!
Okawaru accepts your kill. The oklob plant spits acid at you.
The splash of acid hits you. You resist. The acid corrodes you!
You hit the oklob plant.
The oklob plant is lightly damaged.
You slash the oklob plant!
Lightning courses through the oklob plant!!
The oklob plant is heavily damaged.
The oklob plant spits acid at you. The splash of acid misses you.
The oklob plant spits acid at you. The splash of acid hits you! You resist.
The oklob plant spits acid at you. The splash of acid hits you. You resist.
17120 ||| READING 6 scrolls of teleportation.
As you read the scroll of teleportation, it crumbles to dust.
You feel strangely unstable. The oklob plant spits acid at you.
The splash of acid hits you! You resist.
You die...

##.............###............#
##............###............##
#...........### #........<...#
###........## ##P..........#
#P.....##.#######..........#
###########P.#$............#
###.$....###.......P#
#.......!.#......>..#
#....@.%$.........
#.....P>......#..##.
.......PP....##.##
.............# ............##
......[..>.... ..............#
.............#.


You could see 3 oklob plants.

Vanquished Creatures
  4 hydras
  2 boulder beetles
  4 two-headed ogres
  An alligator (Lair:3)
  6 death yaks (Lair:1)
  A goliath frog (Lair:3)
  2 bog bodies (Lair:3)
  A swamp dragon (Lair:3)
  Pikel (D:8)
  An oklob plant (Lair:4)
  A torpor snail (Lair:1)
  3 cane toads
  Maggie (D:7)
  6 komodo dragons
  A rime drake (Lair:2)
  A hornet (Lair:3)
  A troll (D:10)
  A polar bear (Lair:4)
  15 blink frogs
  Sigmund (D:6)
  3 wyverns
  24 yaks
  5 humans (D:7)
  2 steam dragons
  6 basilisks
  3 vampire mosquitoes (D:11)
  Menkaure (D:5)
  A death yak simulacrum (Lair:1)
  A naga (Lair:2)
  5 swamp worms (Lair:3)
  2 acid dragons
  13 water moccasins
  2 swamp drakes (Lair:3)
  An ogre (D:6)
  A black bear (D:5)
  6 centaurs
  A phantom (D:5)
  3 lemures (D:8)
  7 bullfrogs
  3 necrophages
  A scorpion (D:5)
  7 wights
  5 killer bees (D:9)
  4 howler monkeys
  An electric eel (Lair:3)
  An orc priest (D:7)
  A hound (D:7)
  An iguana (D:7)
  6 orc wizards
  5 hell rats (Lair:1)
  A polar bear simulacrum (Lair:1)
  8 gnolls
  5 adders
  A white imp (D:5)
  An ufetubus (D:6)
  A dart slug (D:4)
  20 orcs
  9 endoplasms
  A giant cockroach (D:3)
  9 goblins
  2 hobgoblins
  3 jackals (D:1)
  3 quokkas
  3 training dummies (D:10)
  3 ball pythons
  6 bats
  4 frilled lizards
  6 kobolds
  7 rats
269 creatures vanquished.

Vanquished Creatures (others)
  A swamp worm (Lair:3)
  11 fungi
  20 plants
32 creatures vanquished.

Grand Total: 301 creatures vanquished

Notes
Turn   | Place    | Note
-------+----------+-------------------------------------------
     0 | D:1      | qw the Gargoyle Fighter began the quest for the Orb.
     0 | D:1      | Reached XP level 1. HP: 14/14 MP: 1/1
     0 | D:1      | 0 ||| qw: Version: 0.1-a-113-g051387a
     0 | D:1      | 0 ||| qw: Game counter: 7112
     0 | D:1      | 0 ||| qw: Always use a shield: true
     0 | D:1      | 0 ||| qw: God list: Okawaru
     0 | D:1      | 0 ||| qw: Allow faded altars: false
     0 | D:1      | 0 ||| qw: Do Orc after D:15 true
     0 | D:1      | 0 ||| qw: Do second Lair branch before Depths: true
     0 | D:1      | 0 ||| qw: Lair rune preference: random
     0 | D:1      | 0 ||| qw: Plans: Normal, Zot, God:TSO, Crypt, Tomb, Zig,
                  | Orb
     0 | D:1      | 0 ||| PLANNING D:1-11
    24 | D:1      | Reached skill level 2 in Axes
    24 | D:1      | Reached XP level 2. HP: 15/19 MP: 2/2
   101 | D:1      | 101 ||| Stepping ~*~*~tactically~*~*~ (stealth).
   104 | D:1      | 104 ||| Stepping ~*~*~tactically~*~*~ (stealth).
   294 | D:1      | Reached skill level 3 in Axes
   383 | D:1      | Reached XP level 3. HP: 23/23 MP: 3/3
  1025 | D:1      | 1025 ||| READING scroll labelled ZOBAOBEIVI.
  1026 | D:1      | 1026 ||| READING scroll labelled HEOLEOPRUITO.
  1132 | D:2      | 1132 ||| Stepping ~*~*~tactically~*~*~ (stealth).
  1140 | D:2      | 1140 ||| DROPPING +0 club.
  1212 | D:2      | 1212 ||| Stepping ~*~*~tactically~*~*~ (stealth).
  1214 | D:2      | 1214 ||| Stepping ~*~*~tactically~*~*~ (stealth).
  1296 | D:2      | Reached XP level 4. HP: 26/28 MP: 4/4
  1314 | D:2      | 1314 ||| Stepping ~*~*~tactically~*~*~ (stealth).
  1315 | D:2      | 1315 ||| Stepping ~*~*~tactically~*~*~ (stealth).
  1443 | D:2      | 1443 ||| Stepping ~*~*~tactically~*~*~ (stealth).
  1501 | D:2      | 1501 ||| UPGRADING to +0 pair of gloves of hurling.
  1506 | D:2      | 1506 ||| DROPPING amulet of magic regeneration.
  1507 | D:2      | 1507 ||| UPGRADING to +6 ring of dexterity.
  1508 | D:2      | 1508 ||| READING 3 scrolls labelled GIFAUPO LILE.
  1512 | D:2      | 1512 ||| READING scroll labelled ICKASU BAFOODO.
  1513 | D:2      | 1513 ||| DRINKING 3 fuming pink potions.
  1594 | D:3      | 1594 ||| DROPPING +0 whip.
  1613 | D:3      | Found a white marble altar of Elyvilon.
  1614 | D:3      | Found a burning altar of Makhleb.
  1908 | D:3      | Reached skill level 1 in Dodging
  2303 | D:3      | 2303 ||| READING scroll labelled ROOWAF NUILI.
  2304 | D:3      | 2304 ||| READING 4 scrolls labelled TEIGARR USHROD.
  2305 | D:3      | 2305 ||| READING scroll labelled MIMEADAUPO.
  2306 | D:3      | 2306 ||| READING scroll labelled HOWOYDGHY KISH.
  2307 | D:3      | 2307 ||| DRINKING 2 sapphire potions.
  2308 | D:3      | 2308 ||| DROPPING potion of invisibility.
  2309 | D:3      | 2309 ||| DROPPING 3 scrolls of vulnerability.
  2362 | D:4      | Reached skill level 4 in Axes
  2363 | D:4      | 2363 ||| Stepping ~*~*~tactically~*~*~ (hiding).
  2364 | D:4      | 2364 ||| Stepping ~*~*~tactically~*~*~ (hiding).
  2365 | D:4      | 2365 ||| Stepping ~*~*~tactically~*~*~ (hiding).
  2544 | D:4      | 2544 ||| Stepping ~*~*~tactically~*~*~ (stealth).
  2617 | D:4      | 2617 ||| Stepping ~*~*~tactically~*~*~ (stealth).
  2620 | D:4      | 2620 ||| Stepping ~*~*~tactically~*~*~ (stealth).
  2621 | D:4      | 2621 ||| Stepping ~*~*~tactically~*~*~ (stealth).
  2635 | D:4      | Reached XP level 5. HP: 24/32 MP: 5/5
  2979 | D:4      | 2979 ||| UPGRADING to +0 chain mail.
  2989 | D:4      | 2989 ||| DROPPING +0 scale mail.
  2990 | D:4      | 2990 ||| READING scroll labelled ICUQENUT BEXOG.
  2991 | D:4      | 2991 ||| READING scroll labelled QYFOUT VERGHO.
  2991 | D:4      | Identified a scroll of acquirement
  2991 | D:4      | 2991 ||| ACQUIRING +3 buckler of Beogh's Regard {rPois rC+
                  | rCorr}
  2991 | D:4      | Acquired the +3 buckler of Beogh's Regard {rPois rC+ rCorr}
  2993 | D:4      | 2993 ||| UPGRADING to +3 buckler of Beogh's Regard {rPois
                  | rC+ rCorr}.
  3003 | D:4      | 3003 ||| DROPPING +0 buckler.
  3004 | D:4      | 3004 ||| READING scroll labelled ATICHAXOAN.
  3063 | D:4      | 3063 ||| DRINKING 2 fizzy pink potions.
  3079 | D:5      | Entered Level 5 of the Dungeon
  3108 | D:5      | 3108 ||| Stepping ~*~*~tactically~*~*~ (stealth).
  3122 | D:5      | 3122 ||| Stepping ~*~*~tactically~*~*~ (stealth).
  3126 | D:5      | 3126 ||| Stepping ~*~*~tactically~*~*~ (hiding).
  3134 | D:5      | Reached skill level 5 in Axes
  3141 | D:5      | 3141 ||| DRINKING potion of curing.
  3141 | D:5      | 3141 ||| (to cure confusion)
  3144 | D:5      | Reached XP level 6. HP: 32/38 MP: 6/6
  3228 | D:5      | 3228 ||| Stepping ~*~*~tactically~*~*~ (hiding).
  3442 | D:5      | Noticed Menkaure
  3443 | D:5      | 3443 ||| Stepping ~*~*~tactically~*~*~ (hiding).
  3453 | D:5      | Killed Menkaure
  3454 | D:5      | Reached skill level 6 in Axes
  3454 | D:5      | Reached XP level 7. HP: 27/44 MP: 7/7
  3665 | D:5      | 3665 ||| Stepping ~*~*~tactically~*~*~ (hiding).
  3667 | D:5      | 3667 ||| Stepping ~*~*~tactically~*~*~ (hiding).
  3958 | D:5      | 3958 ||| DROPPING +6 ring of intelligence.
  3959 | D:5      | 3959 ||| READING 4 scrolls of identify.
  3959 | D:5      | 3959 ||| IDENTIFYING black potion
  3960 | D:5      | 3960 ||| READING 3 scrolls of identify.
  3960 | D:5      | 3960 ||| IDENTIFYING clear potion
  3961 | D:5      | 3961 ||| READING 2 scrolls of identify.
  3961 | D:5      | 3961 ||| IDENTIFYING fizzy golden potion
  3962 | D:5      | 3962 ||| DROPPING potion of brilliance.
  3963 | D:5      | 3963 ||| DROPPING potion of flight.
  3980 | D:6      | 3980 ||| Stepping ~*~*~tactically~*~*~ (stealth).
  3980 | D:6      | Noticed Sigmund
  3989 | D:6      | 3989 ||| FLEEEEING.
  3990 | D:6      | 3990 ||| FLEEEEING.
  3991 | D:6      | 3991 ||| FLEEEEING.
  3992 | D:6      | 3992 ||| FLEEEEING.
  3993 | D:6      | 3993 ||| FLEEEEING.
  3994 | D:6      | 3994 ||| FLEEEEING.
  3995 | D:6      | 3995 ||| FLEEEEING.
  3996 | D:6      | 3996 ||| STAIRDANCE
  4120 | D:6      | 4120 ||| STAIRDANCE
  4197 | D:6      | Killed Sigmund
  4198 | D:6      | Reached skill level 7 in Axes
  4318 | D:6      | Reached XP level 8. HP: 47/48 MP: 8/8
  4384 | D:6      | Found a runed translucent door.
  4386 | D:6      | 4386 ||| DROPPING +1 hammer of draining.
  4444 | D:6      | Found a shimmering blue altar of Sif Muna.
  4448 | D:6      | Found a sacrificial altar of Ru.
  4463 | D:6      | Reached skill level 1 in Throwing
  4474 | D:6      | 4474 ||| READING scroll of enchant weapon.
  4474 | D:6      | 4474 ||| ENCHANTING +1 war axe.
  4701 | D:6      | Noticed Crazy Yiuf
  4768 | D:6      | Reached skill level 8 in Axes
  5063 | D:6      | 5063 ||| DROPPING ring of flight.
  5142 | D:7      | Identified the +0 short sword of Rucs {pain, *Corrode rElec
                  | rN+}
  5145 | D:7      | Found a transporter.
  5146 | D:7      | Noticed qw's ghost (novice DsCA)
  5179 | D:7      | Reached skill level 6 in Fighting
  5186 | D:7      | Noticed Maggie
  5188 | D:7      | 5188 ||| FLEEEEING.
  5189 | D:7      | 5189 ||| FLEEEEING.
  5201 | D:7      | Killed Maggie
  5331 | D:7      | 5331 ||| SWAPPING to +0 war axe of flaming.
  5332 | D:7      | 5332 ||| DROPPING +0 flail.
  5333 | D:7      | 5333 ||| DROPPING +2 war axe.
  5362 | D:7      | Reached XP level 9. HP: 48/55 MP: 9/9
  5377 | D:7      | Reached skill level 9 in Axes
  5625 | D:7      | 5625 ||| Stepping ~*~*~tactically~*~*~ (stealth).
  5708 | D:7      | Noticed a moth of wrath
  5903 | D:7      | Found a transporter.
  5924 | D:7      | Found a staircase to the Ecumenical Temple.
  5925 | D:7      | 5925 ||| PLANNING TEMPLE
  5925 | D:7      | 5925 ||| Stepping ~*~*~tactically~*~*~ (hiding).
  6033 | D:7      | 6033 ||| READING scroll labelled HAMUYDOTIA.
  6034 | D:7      | 6034 ||| DRINKING 2 purple potions.
  6035 | D:7      | 6035 ||| DROPPING potion of degeneration.
  6042 | Temple   | Entered the Ecumenical Temple
  6050 | Temple   | Became a worshipper of Warmaster Okawaru
  6087 | Temple   | 6087 ||| PLANNING D:1-11
  6294 | D:7      | 6294 ||| DROPPING +0 club.
  6295 | D:7      | 6295 ||| DROPPING +0 mace.
  6352 | D:8      | 6352 ||| Stepping ~*~*~tactically~*~*~ (cloud).
  6370 | D:8      | 6370 ||| FLEEEEING.
  6371 | D:8      | 6371 ||| FLEEEEING.
  6372 | D:8      | 6372 ||| FLEEEEING.
  6373 | D:8      | 6373 ||| FLEEEEING.
  6377 | D:8      | 6377 ||| FLEEEEING.
  6378 | D:8      | 6378 ||| FLEEEEING.
  6383 | D:8      | 6383 ||| FLEEEEING.
  6384 | D:8      | 6384 ||| STAIRDANCE
  6411 | D:7      | 6411 ||| READING scroll labelled WAGOIPINKU.
  6412 | D:7      | 6412 ||| READING scroll labelled JIRCHI OXECEU.
  6418 | D:8      | 6418 ||| STAIRDANCE
  6502 | D:8      | Reached skill level 10 in Axes
  6532 | D:8      | 6532 ||| Stepping ~*~*~tactically~*~*~ (stealth).
  6533 | D:8      | 6533 ||| Stepping ~*~*~tactically~*~*~ (stealth).
  6542 | D:8      | 6542 ||| Stepping ~*~*~tactically~*~*~ (stealth).
  6690 | D:8      | 6690 ||| Stepping ~*~*~tactically~*~*~ (stealth).
  6691 | D:8      | 6691 ||| Stepping ~*~*~tactically~*~*~ (stealth).
  6693 | D:8      | 6693 ||| Stepping ~*~*~tactically~*~*~ (stealth).
  6695 | D:8      | 6695 ||| Stepping ~*~*~tactically~*~*~ (stealth).
  6696 | D:8      | Noticed Pikel
  6697 | D:8      | 6697 ||| Stepping ~*~*~tactically~*~*~ (stealth).
  6704 | D:8      | 6704 ||| Stepping ~*~*~tactically~*~*~ (stealth).
  6722 | D:8      | Killed Pikel
  6722 | D:8      | Reached * piety under Okawaru
  6723 | D:8      | Reached XP level 10. HP: 59/65 MP: 10/10
  7037 | D:8      | Reached skill level 1 in Invocations
  7179 | D:8      | 7179 ||| Stepping ~*~*~tactically~*~*~ (stealth).
  7184 | D:8      | 7184 ||| Stepping ~*~*~tactically~*~*~ (stealth).
  7187 | D:8      | 7187 ||| Stepping ~*~*~tactically~*~*~ (stealth).
  7206 | D:8      | 7206 ||| INVOKING Heroism.
  7225 | D:8      | 7225 ||| INVOKING Heroism.
  7228 | D:8      | Reached ** piety under Okawaru
  7229 | D:8      | Reached skill level 3 in Invocations
  7575 | D:8      | 7575 ||| Stepping ~*~*~tactically~*~*~ (hiding).
  7579 | D:8      | 7579 ||| Stepping ~*~*~tactically~*~*~ (hiding).
  7701 | D:8      | 7701 ||| UPGRADING to +0 plate armour.
  7711 | D:8      | 7711 ||| DROPPING +0 chain mail.
  7712 | D:8      | 7712 ||| DROPPING amulet of faith.
  7713 | D:8      | 7713 ||| READING 2 scrolls of identify.
  7713 | D:8      | 7713 ||| IDENTIFYING viscous clear potion
  7788 | D:9      | Noticed a two-headed ogre
  7790 | D:9      | 7790 ||| INVOKING Heroism.
  7796 | D:9      | Killed a two-headed ogre
  7797 | D:9      | Reached skill level 6 in Armour
  8041 | D:9      | Found a flagged portal.
  8042 | D:9      | 8042 ||| INVOKING Heroism.
  8045 | D:9      | 8045 ||| Stepping ~*~*~tactically~*~*~ (water).
  8297 | D:9      | Found a staircase to the Orcish Mines.
  8342 | D:9      | 8342 ||| Stepping ~*~*~tactically~*~*~ (stealth).
  8374 | D:9      | 8374 ||| READING scroll of acquirement.
  8374 | D:9      | 8374 ||| ACQUIRING +2 broad axe of electrocution
  8374 | D:9      | Acquired a +2 broad axe of electrocution
  8376 | D:9      | 8376 ||| SWAPPING to +2 broad axe of electrocution.
  8377 | D:9      | 8377 ||| DROPPING +0 spectral war axe.
  8413 | D:9      | 8413 ||| Stepping ~*~*~tactically~*~*~ (cloud).
  8417 | D:9      | 8417 ||| Stepping ~*~*~tactically~*~*~ (cloud).
  8418 | D:9      | 8418 ||| INVOKING Heroism.
  8419 | D:9      | 8419 ||| Stepping randomly (cloudy).
  8724 | D:10     | Entered Level 10 of the Dungeon
  8729 | D:10     | 8729 ||| FLEEEEING.
  8732 | D:10     | 8732 ||| STAIRDANCE
  9053 | D:10     | 9053 ||| READING scroll of enchant weapon.
  9053 | D:10     | 9053 ||| ENCHANTING +2 broad axe of electrocution.
  9102 | D:10     | Noticed a two-headed ogre
  9103 | D:10     | 9103 ||| INVOKING Heroism.
  9109 | D:10     | Killed a two-headed ogre
  9110 | D:10     | Reached skill level 3 in Throwing
  9110 | D:10     | Reached XP level 11. HP: 59/69 MP: 11/14
  9234 | D:10     | Reached *** piety under Okawaru
  9235 | D:10     | Reached skill level 11 in Axes
  9287 | D:10     | Noticed a two-headed ogre
  9288 | D:10     | 9288 ||| INVOKING Heroism.
  9294 | D:10     | Killed a two-headed ogre
  9624 | D:10     | Found Gevihemya's Firing Range.
  9632 | D:10     | 9632 ||| INVOKING Heroism.
  9777 | D:10     | 9777 ||| Stepping ~*~*~tactically~*~*~ (hiding).
  9970 | D:11     | 9970 ||| INVOKING Heroism.
  9972 | D:11     | 9972 ||| STAIRDANCE
  9977 | D:10     | Reached skill level 9 in Fighting
  9987 | D:11     | 9987 ||| INVOKING Heroism.
 10033 | D:11     | Noticed a six-headed hydra
 10034 | D:11     | 10034 ||| INVOKING Heroism.
 10037 | D:11     | 10037 ||| SWAPPING to +0 flail.
 10047 | D:11     | Killed a six-headed hydra
 10048 | D:11     | 10048 ||| SWAPPING to +3 broad axe of electrocution.
 10344 | D:11     | Reached **** piety under Okawaru
 10350 | D:11     | Noticed a two-headed ogre
 10351 | D:11     | 10351 ||| INVOKING Heroism.
 10356 | D:11     | Killed a two-headed ogre
 10357 | D:11     | Reached skill level 12 in Axes
 10462 | D:11     | 10462 ||| INVOKING Heroism.
 10632 | D:11     | 10632 ||| INVOKING Heroism.
 10649 | D:11     | 10649 ||| FLEEEEING.
 10650 | D:11     | 10650 ||| FLEEEEING.
 10651 | D:11     | 10651 ||| FLEEEEING.
 10652 | D:11     | 10652 ||| FLEEEEING.
 10653 | D:11     | 10653 ||| FLEEEEING.
 10654 | D:11     | 10654 ||| FLEEEEING.
 10655 | D:11     | 10655 ||| FLEEEEING.
 10656 | D:11     | 10656 ||| FLEEEEING.
 10657 | D:11     | 10657 ||| FLEEEEING.
 10658 | D:11     | 10658 ||| FLEEEEING.
 10659 | D:11     | 10659 ||| FLEEEEING.
 10660 | D:11     | 10660 ||| FLEEEEING.
 10661 | D:11     | 10661 ||| FLEEEEING.
 10662 | D:11     | 10662 ||| FLEEEEING.
 10663 | D:11     | 10663 ||| FLEEEEING.
 10664 | D:11     | 10664 ||| FLEEEEING.
 10665 | D:11     | 10665 ||| FLEEEEING.
 10666 | D:11     | 10666 ||| FLEEEEING.
 10667 | D:11     | 10667 ||| FLEEEEING.
 10668 | D:11     | 10668 ||| FLEEEEING.
 10673 | D:11     | 10673 ||| FLEEEEING.
 10674 | D:11     | 10674 ||| FLEEEEING.
 10675 | D:11     | 10675 ||| FLEEEEING.
 10676 | D:11     | 10676 ||| FLEEEEING.
 10682 | D:11     | 10682 ||| FLEEEEING.
 10683 | D:11     | 10683 ||| FLEEEEING.
 10684 | D:11     | 10684 ||| FLEEEEING.
 10685 | D:11     | 10685 ||| FLEEEEING.
 10686 | D:11     | 10686 ||| STAIRDANCE
 10738 | D:10     | 10738 ||| READING scroll labelled BUIWKI OSTRIUPO.
 10739 | D:10     | 10739 ||| DRINKING 2 inky potions.
 10792 | D:11     | 10792 ||| Stepping ~*~*~tactically~*~*~ (stealth).
 10801 | D:11     | Received a gift from Okawaru
 10903 | D:11     | Found a portal to a secret trove of treasure.
 11042 | D:11     | Found a staircase to the Lair.
 11146 | D:11     | 11146 ||| PLANNING LAIR
 11146 | D:11     | 11146 ||| UPGRADING to ring of see invisible.
 11147 | D:11     | 11147 ||| DROPPING ring of magical power.
 11148 | D:11     | 11148 ||| READING 6 scrolls of identify.
 11148 | D:11     | 11148 ||| IDENTIFYING murky inky potion
 11240 | Lair:1   | Entered Level 1 of the Lair of Beasts
 11279 | Lair:1   | Noticed a seven-headed hydra
 11280 | Lair:1   | 11280 ||| INVOKING Heroism.
 11285 | Lair:1   | 11285 ||| SWAPPING to +0 flail.
 11293 | Lair:1   | Killed a seven-headed hydra
 11294 | Lair:1   | Reached skill level 6 in Invocations
 11294 | Lair:1   | 11294 ||| SWAPPING to +3 broad axe of electrocution.
 11488 | Lair:1   | 11488 ||| INVOKING Heroism.
 11494 | Lair:1   | Reached skill level 6 in Shields
 11564 | Lair:1   | Noticed a death yak
 11565 | Lair:1   | 11565 ||| INVOKING Heroism.
 11576 | Lair:1   | HP: 17/71 [death yak[a torpor snail] (6)]
 11577 | Lair:1   | 11577 ||| READING 8 scrolls of teleportation.
 11578 | Lair:1   | 11578 ||| DRINKING 5 potions of heal wounds.
 11578 | Lair:1   | Noticed a boulder beetle
 11588 | Lair:1   | Killed a boulder beetle
 11589 | Lair:1   | Reached skill level 3 in Dodging
 11589 | Lair:1   | Reached XP level 12. HP: 26/76 MP: 15/17
 11607 | Lair:1   | 11607 ||| INVOKING Heroism.
 11611 | Lair:1   | Reached ***** piety under Okawaru
 11630 | Lair:1   | 11630 ||| Stepping ~*~*~tactically~*~*~ (stealth).
 11633 | Lair:1   | 11633 ||| INVOKING Heroism.
 11636 | Lair:1   | Killed a death yak
 11924 | Lair:1   | 11924 ||| Stepping ~*~*~tactically~*~*~ (stealth).
 11932 | Lair:1   | 11932 ||| INVOKING Heroism.
 12074 | Lair:1   | 12074 ||| INVOKING Heroism.
 12093 | Lair:1   | Received a gift from Okawaru
 12163 | Lair:1   | 12163 ||| READING scroll of enchant weapon.
 12163 | Lair:1   | 12163 ||| ENCHANTING +3 broad axe of electrocution.
 12226 | Lair:1   | 12226 ||| Stepping ~*~*~tactically~*~*~ (hiding).
 12236 | Lair:1   | 12236 ||| INVOKING Heroism.
 12384 | Lair:1   | Noticed a death yak
 12384 | Lair:1   | Noticed a death yak
 12385 | Lair:1   | 12385 ||| INVOKING Heroism.
 12386 | Lair:1   | 12386 ||| INVOKING Finesse.
 12386 | Lair:1   | Noticed a death yak
 12387 | Lair:1   | 12387 ||| Stepping ~*~*~tactically~*~*~ (stealth).
 12398 | Lair:1   | Killed a death yak
 12404 | Lair:1   | Killed a death yak
 12409 | Lair:1   | Noticed a death yak
 12411 | Lair:1   | Noticed a death yak
 12415 | Lair:1   | Killed a death yak
 12415 | Lair:1   | Killed a death yak
 12416 | Lair:1   | Reached skill level 9 in Invocations
 12424 | Lair:1   | Killed a death yak
 12424 | Lair:1   | Received a gift from Okawaru
 12845 | Lair:1   | 12845 ||| Stepping ~*~*~tactically~*~*~ (stealth).
 12848 | Lair:1   | 12848 ||| INVOKING Heroism.
 13140 | Lair:2   | 13140 ||| STAIRDANCE
 13147 | Lair:2   | 13147 ||| STAIRDANCE
 13150 | Lair:1   | 13150 ||| INVOKING Heroism.
 13388 | Lair:2   | Found a staircase to the Snake Pit.
 13396 | Lair:2   | 13396 ||| INVOKING Heroism.
 13707 | Lair:2   | 13707 ||| INVOKING Heroism.
 13796 | Lair:2   | 13796 ||| INVOKING Heroism.
 14415 | Lair:2   | 14415 ||| Stepping ~*~*~tactically~*~*~ (stealth).
 14416 | Lair:2   | 14416 ||| Stepping ~*~*~tactically~*~*~ (stealth).
 14417 | Lair:2   | 14417 ||| Stepping ~*~*~tactically~*~*~ (stealth).
 14419 | Lair:2   | 14419 ||| INVOKING Heroism.
 14424 | Lair:2   | Reached XP level 13. HP: 55/82 MP: 17/20
 14833 | Lair:3   | 14833 ||| INVOKING Heroism.
 14838 | Lair:3   | Reached skill level 13 in Axes
 14847 | Lair:3   | 14847 ||| INVOKING Finesse.
 15043 | Lair:3   | 15043 ||| INVOKING Heroism.
 15072 | Lair:3   | Reached skill level 9 in Armour
 15222 | Lair:3   | 15222 ||| INVOKING Heroism.
 15236 | Lair:3   | Found a staircase to the Swamp.
 15417 | Lair:3   | Found a burning altar of Makhleb.
 15438 | Lair:3   | 15438 ||| INVOKING Heroism.
 15528 | Lair:3   | 15528 ||| INVOKING Heroism.
 15531 | Lair:3   | 15531 ||| SWAPPING to +0 flail.
 15536 | Lair:3   | HP: 15/82 [five-headed hydra (10)]
 15537 | Lair:3   | 15537 ||| READING 7 scrolls of teleportation.
 15537 | Lair:3   | HP: 2/82 [five-headed hydra (9)]
 15538 | Lair:3   | 15538 ||| DRINKING 4 potions of heal wounds.
 15541 | Lair:3   | 15541 ||| DRINKING 3 potions of heal wounds.
 15542 | Lair:3   | 15542 ||| SWAPPING to +4 broad axe of electrocution.
 15824 | Lair:3   | 15824 ||| INVOKING Heroism.
 15829 | Lair:3   | HP: 20/82 [alligator (10)]
 15830 | Lair:3   | 15830 ||| READING 6 scrolls of teleportation.
 15831 | Lair:3   | 15831 ||| DRINKING 2 potions of heal wounds.
 15834 | Lair:3   | 15834 ||| FLEEEEING.
 15996 | Lair:3   | 15996 ||| Stepping ~*~*~tactically~*~*~ (stealth).
 16010 | Lair:3   | 16010 ||| INVOKING Heroism.
 16079 | Lair:3   | 16079 ||| INVOKING Heroism.
 16083 | Lair:3   | 16083 ||| SWAPPING to +0 flail.
 16089 | Lair:3   | 16089 ||| SWAPPING to +4 broad axe of electrocution.
 16258 | Lair:3   | 16258 ||| Stepping ~*~*~tactically~*~*~ (stealth).
 16260 | Lair:3   | 16260 ||| Stepping ~*~*~tactically~*~*~ (hiding).
 16334 | Lair:3   | 16334 ||| INVOKING Heroism.
 16335 | Lair:3   | 16335 ||| Stepping ~*~*~tactically~*~*~ (stealth).
 16336 | Lair:3   | 16336 ||| Stepping ~*~*~tactically~*~*~ (stealth).
 16343 | Lair:3   | 16343 ||| Stepping ~*~*~tactically~*~*~ (stealth).
 16348 | Lair:3   | 16348 ||| Stepping ~*~*~tactically~*~*~ (stealth).
 16355 | Lair:3   | Identified the +0 ring mail of Ucedghi {Str+4} (Okawaru
                  | gifted it to you on level 3 of the Lair of Beasts)
 16355 | Lair:3   | Received a gift from Okawaru
 16408 | Lair:3   | 16408 ||| INVOKING Heroism.
 16615 | Lair:3   | 16615 ||| INVOKING Heroism.
 16616 | Lair:3   | 16616 ||| INVOKING Finesse.
 16618 | Lair:3   | 16618 ||| SWAPPING to +0 flail.
 16619 | Lair:3   | 16619 ||| Stepping ~*~*~tactically~*~*~ (water).
 16626 | Lair:3   | Reached skill level 14 in Axes
 16626 | Lair:3   | 16626 ||| SWAPPING to +4 broad axe of electrocution.
 16731 | Lair:3   | 16731 ||| UPGRADING to amulet of regeneration.
 16738 | Lair:3   | 16738 ||| INVOKING Heroism.
 16825 | Lair:4   | 16825 ||| INVOKING Heroism.
 16924 | Lair:4   | 16924 ||| INVOKING Heroism.
 17099 | Lair:4   | Found a staircase to the Slime Pits.
 17100 | Lair:4   | 17100 ||| INVOKING Heroism.
 17119 | Lair:4   | HP: 15/82 [oklob plant/splash of acid (16)]
 17120 | Lair:4   | 17120 ||| READING 6 scrolls of teleportation.
 17120 | Lair:4   | Killed from afar by an oklob plant

Levels and vault maps discovered:
D:1:      dpeg_arrival_stone_temple_mockup, layout_loops_ring,
          minmay_heptomino_o4
D:2:      layout_basic
D:3:      layout_basic, mainiacjoe_overflow_catwalk_spiral, serial_bayou,
          serial_bayou_crossing, serial_bayou_shore_b, serial_bayou_pond_c,
          serial_bayou_shore_a, chequers_serial_rivers_small_b
D:4:      layout_gridville
D:5:      layout_basic, nrook_mini_vaults, uniq_menkaure
D:6:      layout_layer_cave, grunt_temple_overflow_open,
          uniq_crazy_yiuf_cottage, uniq_sigmund
D:7:      layout_rooms, minmay_temple_entry_proselytizer,
          gammafunk_ghost_berserking_beasts, minmay_ruffians, uniq_maggie
D:8:      layout_loops_corners, uniq_pikel
D:9:      layout_basic, orc_0_dummy, enter_bailey_4
D:10:     layout_grid_maze, serial_rivers, chequers_serial_rivers_micro_b,
          chequers_serial_rivers_micro_b, chequers_serial_rivers_room_b,
          chequers_serial_rivers_small_3, nicolae_shop_firing_range
D:11:     layout_big_octagon, erik_lair_dragon, nicolae_trove_entry_columns
Temple:   dpeg_three_leaves_temple
Lair:1:   layout_concentric_octagons, portal_ice_cave_entry_ice_simulacra
Lair:2:   layout_long_grid, guppyfry_snake_entry_island
Lair:3:   onia_ninara_swampy_vault, layout_chaotic_city,
          nicolae_swamp_entry_splash_gauntlet, basic_altar, nzn_sisyphean_effort
Lair:4:   layout_cave_pods, minmay_slime_entry_oklob_open, uniq_urug

Skill      XL: |  1  2  3  4  5  6  7  8  9 10 11 12 13 |
---------------+----------------------------------------+-----
Axes           | 2 3 4 5 6 7 8 10 12 14 | 14.0
Dodging        | 1 2 3 |  3.0
Fighting       | 4 6 8 9 10 | 10.2
Throwing       | 1 3 4 5 |  5.2
Armour         | 5 6 8 9 |  9.0
Shields        | 4 5 6 |  6.7
Invocations    | 4 6 10 | 10.0

Action                   |  1- 3 |  4- 6 |  7- 9 | 10-12 | 13-15 || total
-------------------------+-------+-------+-------+-------+-------++-------
Melee: War axe           |    87 |   112 |   174 |    86 |       ||   459
       Broad axe         |       |       |       |   301 |   125 ||   426
       Flail             |       |       |       |    16 |    16 ||    32
Throw: Boomerang         |       |    14 |    35 |    37 |    24 ||   110
       Javelin           |       |       |       |    47 |     8 ||    55
Invok: Heroism           |       |       |       |    29 |    15 ||    44
       Finesse           |       |       |       |     1 |     2 ||     3
  Use: Scroll            |     2 |     9 |     7 |     7 |     3 ||    28
       Potion            |       |     4 |     1 |     2 |     3 ||    10
 Stab: Distracted        |       |       |     2 |       |       ||     2
Armor: Scale mail        |    47 |    38 |       |       |       ||    85
       Chain mail        |       |    22 |    89 |    19 |       ||   130
       Plate armour      |       |       |       |   184 |    81 ||   265
Dodge: Dodged            |    35 |    30 |    58 |   121 |    53 ||   297
Block: Buckler           |    15 |    30 |    63 |   131 |    48 ||   287

Table legend:
 A = Non-vault XP
 B = Vault XP
 C = Vault XP percentage of total XP
 D = Non-vault monster count
 E = Vault monster count
 F = Vault count percentage of total count
                 A         B        C        D         E       F
            +---------+---------+-------+---------+---------+-------
      Total |   31705 |   12379 |  28.1 |     219 |      47 |  17.7
            +---------+---------+-------+---------+---------+-------
        D:1 |      47 |       4 |   7.8 |      23 |       3 |  11.5
        D:2 |      41 |       0 |   0.0 |      11 |       0 |   0.0
        D:3 |      45 |       0 |   0.0 |      13 |       0 |   0.0
        D:4 |      58 |       0 |   0.0 |      11 |       0 |   0.0
        D:5 |     566 |     175 |  23.6 |      13 |       1 |   7.1
        D:6 |     629 |     231 |  26.9 |      13 |       1 |   7.1
        D:7 |     864 |    1387 |  61.6 |      13 |       7 |  35.0
        D:8 |    1997 |     663 |  24.9 |      23 |       1 |   4.2
        D:9 |    1645 |      12 |   0.7 |       9 |       5 |  35.7
       D:10 |    3380 |       6 |   0.2 |      13 |       3 |  18.8
       D:11 |    3220 |    1499 |  31.8 |      10 |       6 |  37.5
     Lair:1 |   12327 |     200 |   1.6 |      38 |       2 |   5.0
     Lair:2 |    3014 |     166 |   5.2 |      13 |       1 |   7.1
     Lair:3 |    1987 |    7449 |  78.9 |       9 |      16 |  64.0
     Lair:4 |    1885 |     587 |  23.7 |       7 |       1 |  12.5
            +---------+---------+-------+---------+---------+-------
